AoeStats
← DS_Kvothe

Arabia

508539578Analyzed
1v1 RM · 10d ago on Sep 22, 2026· 44m 54s· 2 players
Game mode
Random Map
Map size
Tiny (2 player)
Population
200
Speed
Normal
Resources
Standard
Victory
Conquest
Starting age
Dark Age
Ending age
Imperial Age
RankedLock teamsTeams togetherTeam positionsShared explorationLock speedFull tech treeHidden civsTurbo modeCheats
Victory
Defeat
🇦🇷 Huns · Argentina
2023
+10
🇦🇷 Bohemians · Argentina
1888
-10
DS_Kvothe
8:24 Loom
10:42 Feudal Age
11:37 Double-Bit Axe
11:33 Horse Collar
21:09 Castle Age
20:22 Fletching
21:23 Crossbowman
22:21 Bodkin Arrow
25:11 Bow Saw
27:34 Ballistics
27:58 Wheelbarrow
28:07 Town Watch
28:39 Padded Archer Armor
30:11 Chemistry
33:31 Hand Cart
37:37 Imperial Age
36:53 Leather Archer Armor
37:39 Arbalester
38:20 Bracer
38:32 Masonry
39:29 Conscription
40:35 Elite Skirmisher
XEVER | Tatengue_
6:43 Loom
8:52 Feudal Age
9:31 Double-Bit Axe
9:33 Horse Collar
19:58 Castle Age
18:20 Fletching
19:04 Padded Archer Armor
18:58 Gold Mining
19:56 Bloodlines
20:43 Bodkin Arrow
21:21 Bow Saw
24:59 Leather Archer Armor
27:05 Husbandry
29:38 Wheelbarrow
29:35 Elite Skirmisher
32:07 Ballistics
35:33 Hand Cart
35:04 Town Watch
39:13 Imperial Age
39:57 Bracer
40:58 Chemistry
39:22 Heavy Cavalry Archer
40:27 Parthian Tactics
42:19 Forging
42:16 Scale Barding Armor
41:58 Cavalier
42:12 Light Cavalry
43:38 Conscription
43:25 Paladin
45:39 Chain Barding Armor
Connection lost

Rejoining the realm…

Still unreachable

The connection could not be restored.

Session expired

The server has moved on; the page needs a fresh start.